Map: Kairos Junction LE

Players

Gemini

  • Race: Protoss Protoss
  • League: Master
  • Spawn Location: 5:00

A.I. 1 (Very Easy) - Winner!

  • Race: Protoss Protoss
  • Spawn Location: 11:00

VOD

Have the link to the VOD?

Description

Time

  • Played on: April 19, 2019, 1:21 p.m.
  • Length: 8:09
Show
View Real Time Build Order
Export as new Build Order

Gemini Protoss 

Build Orders: Zealot Archon 

Get SALT Encoding   

  12  0:00  Probe  
  13  0:13  Probe  
  14  0:17  Pylon  
  14  0:24  Probe  
  15  0:32  Probe  
  15  0:37  Gateway  
  15  0:40  Probe  
  16  0:46  Assimilator  
  17  0:51  Probe  
  17  0:54  Assimilator  
  18  1:00  Probe  
  19  1:08  Probe  
  19  1:10  Gateway  
  19  1:17  Probe  
  21  1:25  Cybernetics Core  
  21  1:31  Probe  
  22  1:37  Pylon  
  22  1:43  Probe  
  23  1:54  Warp Gate  
  23  1:56  Probe  
  24  2:02  Sentry  
  24  2:03  Stalker  
  28  2:12  Pylon  
  28  2:29  Sentry  
  30  2:33  Sentry  
  32  2:38  Nexus  
  32  2:40  Probe  
  33  2:49  Pylon  
  33  2:52  Probe  
  34  3:05  Stalker  
  36  3:06  Stalker  
  38  3:14  Shield Battery  
  38  3:16  Probe  
  39  3:28  Probe  
  39  3:30  Forge  
  40  3:40  Probe  
  41  3:44  Adept x2  
  41  3:48  Probe x2  
  47  3:56  Probe x2  
  49  4:06  Probe x2  
  49  4:09  Protoss Ground Weapons Level 1  
  51  4:12  Pylon  
  51  4:14  Probe  
  51  4:18  Probe  
  51  4:22  Probe  
  53  4:30  Probe  
  55  4:33  Probe  
  56  4:42  Robotics Facility, Probe  
  56  4:43  Assimilator  
  56  4:45  Twilight Council, Probe  
  58  4:46  Assimilator  
  58  4:52  Pylon  
  58  4:54  Probe  
  58  4:57  Probe  
  60  5:09  Pylon  
  60  5:12  Pylon  
  60  5:21  Charge  
  60  5:22  Immortal  
  60  5:25  Templar Archives  
  60  5:28  Pylon  
  62  5:41  Gateway  
  62  5:42  Gateway  
  62  5:43  Gateway  
  62  5:44  Protoss Ground Weapons Level 2, Gateway  
  62  5:47  Gateway  
  62  5:51  Gateway  
  62  6:01  Immortal  
  66  6:05  High Templar  
  66  6:06  High Templar  
  66  6:10  Archon  
  70  6:20  Pylon  
  70  6:38  High Templar x2  
  70  6:39  Zealot x3  
  80  6:40  Zealot  
  80  6:42  Warp Prism  
  80  6:44  Archon  
  80  6:45  Zealot  
  86  6:47  Zealot  
  88  6:54  Nexus  
  88  6:57  Pylon  
  88  7:05  Zealot, High Templar x2  
  94  7:08  Zealot  
  94  7:09  Archon  
  94  7:17  Zealot x2  
  98  7:26  Zealot x3  
  104  7:40  High Templar  
  104  7:41  Zealot x3, High Templar  
  114  7:45  Archon  
  114  7:49  Zealot x2  
  118  7:52  Pylon  
  118  7:56  Pylon  
Show
View Real Time Build Order
Export as new Build Order

A.I. 1 (Very Easy) Protoss - Winner!

Build Orders:  

Get SALT Encoding   

  12  0:00  Probe  
  13  0:13  Probe  
  14  0:20  Pylon  
  14  0:37  Assimilator  
  14  0:42  Gateway  
  14  0:46  Pylon  
  14  1:13  Assimilator  
  14  1:23  Probe  
  14  1:29  Zealot  
  14  1:31  Probe  
  14  1:32  Cybernetics Core  
  17  1:39  Probe  
  19  1:50  Probe  
  20  1:58  Warp Gate  
  20  2:00  Probe  
  20  2:08  Probe  
  22  2:38  Stalker  
  24  4:16  Probe  
  23  4:24  Probe  
  20  4:34  Probe  
  21  4:47  Probe  
  22  4:59  Probe  
  23  5:09  Probe  
  24  5:22  Probe  
  24  5:26  Stalker  
  24  5:32  Pylon  
  24  5:33  Probe  
  24  5:45  Probe  
  25  5:55  Zealot  
  27  5:57  Probe  
  28  6:23  Stalker  
  30  7:04  Probe  
  30  7:06  Robotics Facility  
  31  7:09  Pylon  
  31  7:12  Nexus  
  31  7:16  Probe  
  31  7:19  Adept  
  34  7:28  Probe  
  25  7:40  Probe  
  26  7:53  Probe  
Tags
 
Composition
Zealot Archon
League
Master
Matchup
PvP
Spawn Locations
Cross Positions
Add a new tag
Caveats
  • Supply blocks, unpowered buildings, or Contaminate may cause inaccurate times.
  • Supply counts are checked every 10 seconds.